 Dungeon Crawl Stone Soup version 0.32-a0-120-gfac0567ad4 (webtiles) character file.

Game seed: 10173872039352934321

72 Ceno the Sneak (level 4, -1/22 HPs)
             Began as a Vine Stalker Earth Elementalist on Feb 7, 2024.
             Splashed by a jelly's acid (9 damage)
             ... on level 2 of the Dungeon.
             The game lasted 00:03:55 (1604 turns).

Ceno the Sneak (Vine Stalker Earth Elementalist)    Turns: 1604, Time: 00:03:55

Health: -1/22      AC: -1    Str: 11    XL:     4   Next: 25%
Magic:  0/9        EV: 11    Int: 15    God:
Gold:   42         SH:  0    Dex: 16    Spells: 1/8 levels left

rFire   . . .        i - +0 dagger
rCold   . . .        (no shield)
rNeg    . . .        l - +0 leather armour
rPois   .            (no helmet)
rElec   .            (no cloak)
rCorr   .            (no gloves)
SInv    .            (no boots)
Will    .....        (no amulet)
Stlth   ++           (no ring)
HPRegen 1.03/turn    (no ring)
MPRegen 0.11/turn

%: guardian spirit
@: corroded, very slightly contaminated
A: fangs 2, regeneration 1, magic shield, antimagic bite, no potion heal 2
a: no special abilities


You were on level 2 of the Dungeon.
You visited 1 branch of the dungeon, and saw 2 of its levels.

You collected 42 gold pieces.

Inventory:

Hand Weapons
 i - a +0 dagger (weapon)
Missiles
 d - 5 poisoned darts
 k - 3 stones
Armour
 a - a +0 robe
 g - a +0 ring mail
 l - a +0 leather armour (worn)
Scrolls
 e - a scroll of fog {unknown}
 h - 2 scrolls of silence {unknown}
Potions
 b - a potion of magic
 c - a potion of invisibility {unknown}
 f - 2 potions of haste {unknown}
 j - a potion of mutation {unknown}


   Skills:
 + Level 1.4 Fighting
 + Level 1.4 Short Blades
 - Level 1.5 Dodging
 + Level 3.5 Stealth
 + Level 2.9 Spellcasting
 - Level 1.0 Conjurations
 - Level 3.0 Earth Magic


You had one spell level left.
You knew the following spells:

 Your Spells              Type           Power      Damage    Failure   Level
a - Sandblast             Erth           22%        2d7       8%          1
b - Passwall              Erth           11%        N/A       22%         3
c - Stone Arrow           Conj/Erth      16%        3d8       34%         3

Your spell library contained the following spells:

 Spells                   Type           Power      Damage    Failure   Level
 Brom's Barrelling Bould  Conj/Erth      8%         2d3       75%         4
 Petrify                  Alch/Erth      6%         N/A       82%         4


Dungeon Overview and Level Annotations

Branches:
Dungeon (2/15)

Altars:


Innate Abilities, Weirdness & Mutations

You have extremely sharp teeth.
Your natural rate of healing is unusually fast.
When hurt, damage is shared between your health and your magic reserves.
Your bite disrupts and absorbs the magic of your enemies.
Potions cannot restore your health.


Message History

Casting: Sandblast (safe; 8% risk of failure)
Confirm with . or Enter, or press ? or * to list all spells.
Aiming: Sandblast (safe; 8% risk of failure)
Press: ? - help, Shift-Dir - straight line, f - frilled lizard
Aim: a frilled lizard (70% to hit)
The blast of sand misses the frilled lizard.
Casting: Sandblast (safe; 8% risk of failure)
Confirm with . or Enter, or press ? or * to list all spells.
Aiming: Sandblast (safe; 8% risk of failure)
Press: ? - help, Shift-Dir - straight line, f/p - frilled lizard
Aim: a frilled lizard (70% to hit)
The blast of sand hits the frilled lizard!
You kill the frilled lizard!
Casting: Sandblast (safe; 8% risk of failure)
Confirm with . or Enter, or press ? or * to list all spells.
Aiming: Sandblast (safe; 8% risk of failure)
Press: ? - help, Shift-Dir - straight line, f - jelly
Aim: a jelly (100% to hit)
The blast of sand hits the jelly.
The jelly is moderately wounded.
Casting: Sandblast (safe; 8% risk of failure)
Confirm with . or Enter, or press ? or * to list all spells.
Aiming: Sandblast (safe; 8% risk of failure)
Press: ? - help, Shift-Dir - straight line, f/p - jelly
Aim: a jelly (moderately wounded, 100% to hit)
You miscast Sandblast.
You are very lightly contaminated with residual magic.
Nothing appears to happen.
The jelly barely misses you.
Casting: Sandblast (safe; 8% risk of failure)
Confirm with . or Enter, or press ? or * to list all spells.
Aiming: Sandblast (safe; 8% risk of failure)
Press: ? - help, Shift-Dir - straight line, f/p - jelly
Aim: a jelly (moderately wounded, 100% to hit)
The blast of sand hits the jelly!
The jelly is severely wounded.
The jelly hits you.
You are splashed with acid!
You hit the jelly. The acid corrodes you!
Your hands burn!
The jelly is almost dead.
The jelly hits you.
You are splashed with acid!
You die...

## .# .## ###
#.################# ...
#..##..........>...
##.###..##.##.#######.##
#..........##.# #.#
#.##.##@#####.# #.# .
##.##.##J# #.# #.#
...###...#.##.# #.# #.#
............).##.# #.#
#.# #.# #####...####.#
#.# #.# #.# ##.## #.#
#.# #.# #.# #.# #.# #.#
#.# #.#.#### #.# #.# #.#
#.# #.# ...###.## #.#
#.# #.#


You could see a jelly.

Vanquished Creatures
  An orc wizard (D:2)
  A ribbon worm (D:2)
  A dart slug (D:2)
  3 orcs
  6 ball pythons (D:2)
  3 bats
  3 endoplasms
  2 giant cockroaches (D:2)
  2 goblins (D:1)
  4 hobgoblins
  3 frilled lizards
  3 kobolds
  2 rats (D:1)
34 creatures vanquished.

Notes
Turn   | Place    | Note
-------+----------+-------------------------------------------
     0 | D:1      | Ceno the Vine Stalker Earth Elementalist began the quest
                  | for the Orb.
     0 | D:1      | Reached XP level 1. HP: 9/9 MP: 4/4
   388 | D:1      | Reached XP level 2. HP: 14/14 MP: 4/6
   695 | D:1      | Found a faded altar of an unknown god.
  1035 | D:2      | Reached skill level 1 in Fighting
  1035 | D:2      | Reached skill level 1 in Short Blades
  1035 | D:2      | Reached XP level 3. HP: 16/18 MP: 5/8
  1104 | D:2      | Learned a level 3 spell: Passwall
  1108 | D:2      | Learned a level 3 spell: Stone Arrow
  1305 | D:2      | Reached XP level 4. HP: 22/22 MP: 3/9
  1604 | D:2      | Splashed by a jelly's acid

Illustrated notes

Levels and vault maps discovered:
D:1:      sevenhm_arrival_forest_fort_large_4, layout_loops_ring,
          hellmonk_ecumenical_altar_heavens_door, grunt_decor_junction
D:2:      layout_loops_ring

Skill      XL: |  1  2 |
---------------+-------+-----
Stealth        | 3 |  3.5
Fighting       | 1 |  1.4
Short Blades   | 1 |  1.4
Dodging        | |  1.5
Spellcasting   | |  2.9
Conjurations   | |  1.0
Earth Magic    | |  3.0

Action                     |  1- 3 |  4- 6 || total
---------------------------+-------+-------++-------
  Melee: Unarmed           |    16 |       ||    16
         Bite              |     5 |     3 ||     8
         Dagger            |    10 |    16 ||    26
   Cast: Sandblast         |    32 |    12 ||    44
         Passwall          |     1 |     1 ||     2
   Stab: Sleeping          |     5 |     3 ||     8
 Armour: Ring mail         |    19 |       ||    19
         Robe              |     2 |     2 ||     4
         Leather armour    |       |     6 ||     6
  Dodge: Dodged            |    16 |    14 ||    30

Table legend: (Time is in decaauts)
 A = Elapsed time spent in this place.
 B = Non-inter-level travel time spent in this place.
 C = Inter-level travel time spent in this place.
 D = Time resting spent in this place.
 E = Time spent auto-exploring this place.
 F = Levels seen in this place.
 G = Mean time per level.
                   A        B        C        D        E       F      G
               +--------+--------+--------+--------+--------+-----+--------+
         Total |   1625 |   1548 |     77 |     32 |   1028 |   2 |  812.5 |
       Dungeon |   1625 |   1548 |     77 |     32 |   1028 |   2 |  812.5 |
               +--------+--------+--------+--------+--------+-----+--------+

Top non-repeatable levels by time:
     D:1: 985 daAuts
     D:2: 640 daAuts
